 Dungeon Crawl Stone Soup version 0.26.1-11-gd32895ea62 (webtiles) character file.

Game seed: 14468911308980677001

1 phalm the Conjurer (level 1, -4/13 HPs)
             Began as a Mummy Conjurer on June 21, 2021.
             Slain by a goblin
             ... wielding a cursed -1 club
              (7 damage)
             ... on level 1 of the Dungeon.
             The game lasted 00:00:13 (54 turns).

phalm the Conjurer (Mummy Conjurer)                   Turns: 54, Time: 00:00:14

Health: -4/13      AC:  2    Str: 10    XL:     1   Next: 16%
Magic:  0/4        EV: 12    Int: 17    God:
Gold:   0          SH:  0    Dex: 10    Spells: 4/5 levels left

rFire    x . .     SeeInvis .   (no weapon)
rCold    + . .     Faith    .   (no shield)
rNeg     + + +     Spirit   .   a - +0 robe
rPois    ∞         Reflect  .   (no helmet)
rElec    .         Harm     .   (no cloak)
rCorr    .         Rampage  .   (no gloves)
Will     .....                  (no boots)
Stlth    ++........             (no amulet)
HPRegen  0.04/turn              (no ring)
MPRegen  0.09/turn              (no ring)

@: no status effects
A: no potions, fire vulnerability, cold resistance 1, negative energy resistance
3, torment resistance, unbreathing
a: no special abilities


You were on level 1 of the Dungeon.
You visited 1 branch of the dungeon, and saw 1 of its levels.


Innate Abilities, Weirdness & Mutations

You do not drink.
Your flesh is vulnerable to fire.
You are immune to poison.
Your flesh is cold resistant. (rC+)
You are immune to negative energy. (rN+++)
You are immune to unholy pain and torment.
You can survive without breathing.


   Skills:
 + Level 0.1 Fighting
 - Level 1.5 Dodging
 - Level 1.5 Stealth
 + Level 2.7 Spellcasting
 * Level 3.3 Conjurations


You had 4 spell levels left.
You knew the following spells:

 Your Spells              Type           Power        Failure   Level
m - Magic Dart            Conj           52%          4%          1

Your spell library contained the following spells:

 Spells                   Type           Power        Failure   Level
 Searing Ray              Conj           26%          7%          2
 Dazzling Flash           Conj/Hex       14%          28%         3
 Fulminant Prism          Conj/Hex       3%           67%         4
 Iskenderun's Mystic Bla  Conj/Tloc      7%           67%         4

Inventory:

Armour
 a - a +0 robe (worn)

Dungeon Overview and Level Annotations

Branches:
Dungeon (1/15)

Altars:

#####+# ##...#.#
##......#
#.#####.......##
#..............##.#
#######........>.# ##
########...g...#
...####.........@#..#.#
......###.♣♣....##..#
....#...#.♣♣..........
... #.<.#......###wg###
.♣ #...#......# ..#
###........###....
####..........##
#########


You could see a goblin.


Message History

🤖 Initializing magus.rc ... ✅ Successfully initialized magus.rc [v1.9.10] Welcome, phalm the Mummy Conjurer.
The bosom of this dungeon contains the fabled artefact, the Orb of Zot.
Press ? for a list of commands and other information.
Found a staircase leading out of the dungeon.
A goblin comes into view.
The goblin shouts!
Casting: Magic Dart (safe; 4% risk of failure)
Confirm with . or Enter, or press ? or * to list all spells.
Aiming: Magic Dart (safe; 4% risk of failure)
Press: ? - help, Shift-Dir - straight line, f - goblin
Aim: a goblin (0% to evade)
The magic dart hits the goblin.
You kill the goblin! 😎 MP[-1]
You lost 1 mp, and now have 3/4 mp.
Found a stone staircase leading down. 😎 MP[+1]
Your mp is fully restored (4).
A goblin and a dart slug come into view.
Casting: Magic Dart (safe; 4% risk of failure)
Confirm with . or Enter, or press ? or * to list all spells.
Aiming: Magic Dart (safe; 4% risk of failure)
Press: ? - help, Shift-Dir - straight line, f - dart slug
Aim: a dart slug (0% to evade)
The magic dart hits the dart slug. 😎 MP[-1]
You lost 1 mp, and now have 3/4 mp.
Casting: Magic Dart (safe; 4% risk of failure)
Confirm with . or Enter, or press ? or * to list all spells.
Aiming: Magic Dart (safe; 4% risk of failure)
Press: ? - help, Shift-Dir - straight line, f/p - dart slug
Aim: a dart slug (lightly wounded, 0% to evade)
You miscast Magic Dart.
You are very lightly contaminated with residual magic.
Nothing appears to happen.
The goblin shouts!
You hear a shout! 😎 MP[-1]
You lost 1 mp, and now have 2/4 mp.
Casting: Magic Dart (safe; 4% risk of failure)
Confirm with . or Enter, or press ? or * to list all spells.
Aiming: Magic Dart (safe; 4% risk of failure)
Press: ? - help, Shift-Dir - straight line, f/p - dart slug
Aim: a dart slug (lightly wounded, 0% to evade)
The magic dart hits the dart slug.
The dart slug launches a dart at you. The slug dart hits you. 😮 HP[-5] MP[-1]
You take 5 damage, and now have 8/13 hp.
MASSIVE DAMAGE!! (PAUSE)
You lost 1 mp, and now have 1/4 mp.
Casting: Magic Dart (safe; 4% risk of failure)
Confirm with . or Enter, or press ? or * to list all spells.
Aiming: Magic Dart (safe; 4% risk of failure)
Press: ? - help, Shift-Dir - straight line, f/p - dart slug
Aim: a dart slug (heavily wounded, 0% to evade)
The magic dart hits the dart slug. 😮 MP[-1]
You lost 1 mp, and now have 0/4 mp.
Your magical contamination has completely faded away.
You hit the goblin. The goblin closely misses you. 😮 HP[+1]
You miss the goblin. The goblin misses you.
You hit the goblin.
The goblin hits you with a cursed -1 club. 😮 HP[-2] MP[+1]
You take 2 damage, and now have 7/13 hp.
You closely miss the goblin. You barely miss the goblin.
The goblin hits you with a cursed -1 club.
* * * LOW HITPOINT WARNING * * *
😱 HP[-4]
You take 4 damage, and now have 3/13 hp.
MASSIVE DAMAGE!! (PAUSE)
Casting: Magic Dart (safe; 4% risk of failure)
Confirm with . or Enter, or press ? or * to list all spells.
Aiming: Magic Dart (safe; 4% risk of failure)
Press: ? - help, Shift-Dir - straight line, f - goblin
Aim: a goblin, wielding a -1 club (heavily wounded, 0% to evade)
The magic dart hits the goblin.
The goblin hits you with a cursed -1 club!
Ouch! That really hurt!
You die...

Action                   || total
-------------------------++-------
Melee: Unarmed           ||     5
 Cast: Magic Dart        ||     5
Dodge: Dodged            ||     2

Levels and vault maps discovered:
D:1:      amcnicky_arrival_double_pillar, layout_loops_corners

Notes
Turn   | Place    | Note
-------+----------+-------------------------------------------
     0 | D:1      | phalm the Mummy Conjurer began the quest for the Orb.
     0 | D:1      | Reached XP level 1. HP: 13/13 MP: 4/4
     0 | D:1      | magus.rc [v1.9.10]
    53 | D:1      | HP: 3/13 [goblin/cursed -1 club (4)]
    54 | D:1      | Slain by a goblin

Vanquished Creatures
  A goblin (D:1)
1 creature vanquished.

Table legend:
 A = Non-vault XP
 B = Vault XP
 C = Vault XP percentage of total XP
 D = Non-vault monster count
 E = Vault monster count
 F = Vault count percentage of total count
                 A         B        C        D         E       F
            +---------+---------+-------+---------+---------+-------
      Total |       2 |       0 |   0.0 |       1 |       0 |   0.0
            +---------+---------+-------+---------+---------+-------
        D:1 |       2 |       0 |   0.0 |       1 |       0 |   0.0
            +---------+---------+-------+---------+---------+-------

Illustrated notes

Table legend:
 A = Kills in this place as a percentage of kills in entire the game.
 B = Kills by you in this place as a percentage of kills by you in the entire game.
 C = Kills by friends in this place as a percentage of kills by friends in the entire game.
 D = Other kills in this place as a percentage of other kills in the entire game.
 E = Experience gained in this place as a percentage of experience gained in the entire game.
 F = Experience gained in this place divided by the number of levels of this place that you have seen.
                   A       B       C       D       E      F
               +-------+-------+-------+-------+-------+----------------------
         Total | 100.0 | 100.0 |   N/A |   N/A | 100.0 |   2.0
       Dungeon | 100.0 | 100.0 |   N/A |   N/A | 100.0 |   2.0
               +-------+-------+-------+-------+-------+----------------------

Table legend: (Time is in decaauts)
 A = Elapsed time spent in this place.
 B = Non-inter-level travel time spent in this place.
 C = Inter-level travel time spent in this place.
 D = Time resting spent in this place.
 E = Time spent auto-exploring this place.
 F = Levels seen in this place.
 G = Mean time per level.
                   A        B        C        D        E       F      G
               +--------+--------+--------+--------+--------+-----+--------+
         Total |     54 |     54 |      0 |      0 |     40 |   1 |   54.0 |
       Dungeon |     54 |     54 |      0 |      0 |     40 |   1 |   54.0 |
               +--------+--------+--------+--------+--------+-----+--------+

Top non-repeatable levels by time:
     D:1: 54 daAuts
